 Dungeon Crawl Stone Soup version 0.17-a0-2101-g0c122e7 (webtiles) character file.

688 mcbry74 the Thaumaturge (level 7, -4/37 HPs)
             Began as a Deep Elf Wizard on Oct 18, 2015.
             Slain by an iguana (10 damage)
             ... on level 4 of the Dungeon.
             The game lasted 00:51:33 (6356 turns).

mcbry74 the Thaumaturge (Deep Elf Wizard)           Turns: 6356, Time: 00:51:33

Health: -4/37      AC:  6    Str:  5    XL:     7   Next: 36%
Magic:  8/20       EV: 13    Int: 22    God:
Gold:   134        SH:  0    Dex: 13    Spells: 5 memorised, 11 levels left

rFire  . . .     SeeInvis .     h - +1 short sword
rCold  . . .     Clarity  .     a - +0 robe
rNeg   . . .     SustAt   .     (no shield)
rPois  .         Gourm    .     b - +0 hat
rElec  .         Spirit   .     t - +1 cloak
rCorr  .         Warding  .     d - +1 pair of gloves
rMut   .         Stasis   .     (no boots)
MR     .....                    (no amulet)
Stlth  +++.......               (no ring)
                                o - ring of wizardry

@: not resistant to hostile enchantments, fairly stealthy
A: antennae 2, dopey 1, evolution 1
a: no special abilities


You were on level 4 of the Dungeon.
You were not hungry.

You visited 1 branch of the dungeon, and saw 4 of its levels.

You collected 134 gold pieces.

Inventory:

Hand Weapons
 h - a +1 short sword (weapon)
Missiles
 q - 40 poisoned needles
Armour
 a - a +0 robe (worn)
 b - a +0 hat (worn)
 d - a +1 pair of gloves (worn)
 t - a +1 cloak (worn)
Jewellery
 o - a ring of wizardry (left hand)
Scrolls
 e - a scroll of magic mapping
 f - a scroll of fog
 n - 5 scrolls of identify
Potions
 k - 2 potions of heal wounds
 r - 4 potions of curing
 s - a potion of agility
Books
 c - a book of Minor Magic

   Spells                             Type                      Level
   a - Magic Dart                     Conjuration                  1
   b - Blink                          Translocation                2
   c - Call Imp                       Summoning                    2
   d - Repel Missiles                 Charms/Air                   2
   e - Slow                           Hexes                        2
   f - Conjure Flame                  Conjuration/Fire             3
   g - Mephitic Cloud                 Conjuration/Poison/Air       3
Miscellaneous
 y - a plain deck of summoning


   Skills:
 + Level 0.7 Fighting
 + Level 0.2 Throwing
 + Level 3.1 Dodging
 + Level 4.2 Stealth
 + Level 8.2 Spellcasting
 + Level 5.0 Conjurations
 + Level 1.1 Summonings
 + Level 1.1 Translocations
 + Level 0.9 Fire Magic
 + Level 1.0 Air Magic
 + Level 0.7 Poison Magic


You had 11 spell levels left.
You knew the following spells:

 Your Spells              Type           Power        Failure   Level  Hunger
a - Magic Dart            Conj           ####         1%          1    None
b - Call Imp              Summ           ##......     4%          2    None
c - Blink                 Tloc           N/A          4%          2    None
d - Mephitic Cloud        Conj/Pois/Air  ###.....     4%          3    None
e - Conjure Flame         Conj/Fire      ###.....     3%          3    None


Dungeon Overview and Level Annotations

Branches:
Dungeon (4/15)
 Temple: D:4-7

Altars:
Dithmenos
Nemelex Xobeh

Shops:
D:4 *


Innate Abilities, Weirdness & Mutations

You have a pair of antennae on your head.
You are dopey. (Int -2)
You evolve.


Message History

The iguana is severely wounded.
The iguana completely misses you.
Casting: Magic Dart
Confirm with . or Enter, or press ? or * to list all spells.
Aiming: Magic Dart
Press: ? - help, Shift-Dir - straight line, f/p - iguana
Aim: an iguana (severely wounded)
The magic dart hits the iguana.
The iguana is almost dead.
The iguana bites you!
* * * LOW HITPOINT WARNING * * *
Casting: Magic Dart
Confirm with . or Enter, or press ? or * to list all spells.
Aiming: Magic Dart
Press: ? - help, Shift-Dir - straight line, f/p - iguana
Aim: an iguana (almost dead)
The magic dart hits the iguana.
The iguana is almost dead.
The iguana bites you!
You die...

#.........#######
#######.∩........
###..###### #####....## ##
##.........# o..
###..........# ...o
.#......##...### .....
......#######..#####.....#
......# #...@lo....#
..###.## #..#####...# ..#
##.## #.## #.# #.# ##.#
#.# .. ##.## #.## #.# .
###.####.# #.. #..#.##.##
##. ###.## #.#.....#
....#### ....#...####
#...#..


You could see an iguana and an orc.

Vanquished Creatures
  The ghost of Barrydekale the Magician, an amateur DEWz (D:4)
  A sky beast (D:4)
  2 scorpions (D:3)
  A crimson imp (D:4)
  A hound (D:4)
  An orc wizard (D:4)
  A worker ant (D:4)
  7 gnolls (D:3)
  3 adders
  2 oozes
  An adder skeleton (D:4)
  5 worms
  3 giant geckos
  An orc (D:4)
  2 ball pythons
  5 goblins
  14 hobgoblins
  12 jackals
  9 kobolds
  9 bats
  6 giant cockroaches
  A giant gecko skeleton (D:4)
  6 giant newts
  4 quokkas
  12 rats
110 creatures vanquished.

Notes
Turn   | Place    | Note
--------------------------------------------------------------
     0 | D:1      | mcbry74 the Deep Elf Wizard began the quest for the Orb.
     0 | D:1      | Reached XP level 1. HP: 10/10 MP: 7/7
   476 | D:1      | Reached XP level 2. HP: 15/15 MP: 7/9
   480 | D:1      | Learned a level 2 spell: Call Imp
   483 | D:1      | Learned a level 2 spell: Blink
   632 | D:1      | Reached skill level 5 in Spellcasting
  1383 | D:1      | Reached XP level 3. HP: 19/19 MP: 9/11
  1388 | D:1      | Learned a level 3 spell: Mephitic Cloud
  1427 | D:1      | Learned a level 3 spell: Conjure Flame
  2056 | D:2      | Found a shadowy altar of Dithmenos.
  2680 | D:2      | Reached XP level 4. HP: 24/24 MP: 2/13
  3413 | D:3      | Reached skill level 6 in Spellcasting
  3987 | D:3      | Found a sparkling altar of Nemelex Xobeh.
  4425 | D:3      | Reached XP level 5. HP: 19/28 MP: 12/16
  5226 | D:3      | Reached skill level 7 in Spellcasting
  5281 | D:3      | Reached XP level 6. HP: 32/32 MP: 10/18
  5409 | D:4      | Gained mutation: You can spit weak poison. [potion of mutation]
  5409 | D:4      | Gained mutation: You possess an exceptional clarity of mind. [potion of mutation]
  5409 | D:4      | Gained mutation: You have a pair of small antennae on your head. [potion of mutation]
  5422 | D:4      | Noticed Barrydekale's ghost (amateur DEWz)
  5447 | D:4      | Killed Barrydekale's ghost
  5447 | D:4      | Reached skill level 1 in Air Magic
  5658 | D:4      | Reached XP level 7. HP: 36/36 MP: 13/20
  5786 | D:4      | Reached skill level 8 in Spellcasting
  5980 | D:4      | Gained mutation: You evolve. [mutagenic meat]
  5982 | D:4      | Gained mutation: Your muscles are strong. (Str +2) [mutagenic meat]
  5983 | D:4      | Gained mutation: Your flesh is cold resistant. [mutagenic meat]
  5985 | D:4      | Gained mutation: You are dopey. (Int -2) [potion of mutation]
  5985 | D:4      | Gained mutation: You are clumsy. (Dex -2) [potion of mutation]
  5985 | D:4      | Gained mutation: You are partially covered in iridescent scales (AC +4). [potion of mutation]
  5986 | D:4      | Gained mutation: You are very dopey. (Int -4) [potion of mutation]
  5986 | D:4      | Lost mutation: You are very dopey. (Int -4) [potion of mutation]
  6108 | D:4      | Gained mutation: You have a pair of antennae on your head. [evolution]
  6232 | D:4      | Found Rewoobry's Assorted Antiques.
  6264 | D:4      | Lost mutation: You are clumsy. (Dex -2) [potion of cure mutation]
  6264 | D:4      | Lost mutation: Your flesh is cold resistant. [potion of cure mutation]
  6264 | D:4      | Lost mutation: You are partially covered in iridescent scales (AC +4). [potion of cure mutation]
  6264 | D:4      | Lost mutation: You possess an exceptional clarity of mind. [potion of cure mutation]
  6264 | D:4      | Lost mutation: Your muscles are strong. (Str +2) [potion of cure mutation]
  6264 | D:4      | Lost mutation: You can spit weak poison. [potion of cure mutation]
  6353 | D:4      | Reached skill level 5 in Conjurations
  6356 | D:4      | Slain by an iguana

Vault maps used:
D:1:      dpeg_arrival_lava_temple_mockup
D:2:      kennysheep_big_flooded_room, grunt_dithmenos_smoke_and_mirrors
D:3:      nemelex_deck, serial_bayou_lake_a
D:4:      serial_shops, shop

Action                   |  1- 3 |  4- 6 |  7- 9 || total
-------------------------+-------+-------+-------++-------
Melee: Short sword       |     3 |    10 |     6 ||    19
Throw: Throwing net      |       |     1 |       ||     1
 Cast: Magic Dart        |   110 |   138 |    31 ||   279
       Mephitic Cloud    |     5 |     8 |     3 ||    16
       Conjure Flame     |     1 |    10 |     3 ||    14
  Use: Scroll            |     1 |       |     6 ||     7
       Potion            |       |     2 |     6 ||     8
 Stab: Confused          |       |     1 |       ||     1
  Eat: Chunk             |     2 |     7 |     5 ||    14
       Bread ration      |     1 |       |     1 ||     2
       Fruit             |       |     1 |       ||     1
